 Dungeon Crawl Stone Soup version 0.30-a0-1160-g6e42c06551 (webtiles) character file.

Game seed: 16080255010606823686

2621 Lavandula the Gusty (level 9, 0/59 HPs)
             Began as a Mummy Wanderer on Apr 27, 2023.
             Was an Initiate of Kikubaaqudgha.
             Slain by a gnoll sergeant
             ... wielding a +1 antimagic spear
              (13 damage)
             ... on level 7 of the Dungeon.
             The game lasted 00:18:34 (9451 turns).

Lavandula the Gusty (Mummy Wanderer)                Turns: 9451, Time: 00:18:34

Health: 0/59       AC:  3    Str: 14    XL:     9   Next: 34%
Magic:  2/19       EV: 11    Int: 17    God:    Kikubaaqudgha [......]
Gold:   305        SH:  0    Dex: 11    Spells: 6/21 levels left

rFire   x . .        s - staff of conjuration
rCold   + . .        (no shield)
rNeg    + + +        d - +0 robe
rPois   ∞            (no helmet)
rElec   .            (no cloak)
rCorr   .            b - +0 pair of gloves
SInv    .            (no boots)
Will    +....        (no amulet)
Stlth   ++           (no ring)
HPRegen 0.29/turn    (no ring)
MPRegen 0.16/turn

%: faith
@: no status effects
A: cold resistance 1, negative energy resistance 3, torment resistance 2, heat
vulnerability 1, in touch with death 1, no potions, faith
a: Renounce Religion


You were on level 7 of the Dungeon.
You worshipped Kikubaaqudgha.
Kikubaaqudgha was noncommittal.
You visited 2 branches of the dungeon, and saw 8 of its levels.

You collected 305 gold pieces.

Inventory:

Hand Weapons
 k - a +1 whip of electrocution
 o - a +3 great sword
 p - a +0 rapier of venom
 q - a +2 dagger of draining
 t - a +0 whip of electrocution
Armour
 b - a +0 pair of gloves (worn)
 d - a +0 robe (worn)
Magical Staves
 s - a staff of conjuration (weapon)
Jewellery
 u - a ring of protection from fire
Wands
 c - a wand of digging (8)
 n - a wand of paralysis (1)
Scrolls
 a - a scroll of poison {unknown}
 e - 2 scrolls of enchant weapon
 f - 3 scrolls of teleportation
 g - 6 scrolls of identify {unknown}
 h - a scroll of brand weapon {unknown}
 i - 2 scrolls of noise {unknown}
 j - 2 scrolls of fear {unknown}
 l - a scroll of blinking {unknown}
 m - a scroll of fog {unknown}
 r - a scroll of amnesia {unknown}
 v - a scroll of immolation {unknown}


   Skills:
 + Level 1.4 Fighting
 - Level 1.0 Short Blades
 - Level 2.4 Stealth
 - Level 6.9 Spellcasting
 - Level 3.2 Conjurations
 - Level 5.7 Summonings
 - Level 7.0 Air Magic
 - Level 1.0 Evocations


You had 6 spell levels left.
You knew the following spells:

 Your Spells              Type           Power      Damage    Failure   Level
a - Shock                 Conj/Air       100%       1d9       1%          1
b - Static Discharge      Conj/Air       68%        2-5/arc   2%          2
c - Airstrike             Air            14%        2d(3-19)  6%          4
d - Kiss of Death         Conj/Necr      100%       2d13      6%          1
e - Summon Lightning Spi  Summ/Air       27%        N/A       9%          4
f - Dazzling Flash        Conj/Hex       34%        N/A       19%         3

Your spell library contained the following spells:

 Spells                   Type           Power      Damage    Failure   Level
 Momentum Strike          Conj/Tloc      34%        3d8       9%          2
 Blink                    Tloc           10%        N/A       19%         2
 Lesser Beckoning         Tloc           10%        N/A       19%         2
 Confusing Touch          Hex            5%         N/A       34%         3
 Ignite Poison            Fire/Tmut/Pois 5%         N/A       34%         3
 Sticky Flame             Conj/Fire      17%        2d4       52%         4
 Dispel Undead            Necr           8%         3d8       75%         4
 Ignition                 Fire           2%         3d3       100%        8


Dungeon Overview and Level Annotations

Branches:
Dungeon (7/15)             Temple (1/1) D:5

Altars:
Ashenzari
Cheibriados
Dithmenos
Fedhas
Hepliaklqana
Kikubaaqudgha
Nemelex Xobeh
Okawaru
Ru
Yredelemnul

Shops:
D:6 (

Annotations:
D:6 exclusion: 3 training dummies


Innate Abilities, Weirdness & Mutations

You are immune to poison.
Your flesh is cold resistant. (rC+)
You are immune to negative energy. (rN+++)
You are immune to unholy pain and torment.
You are vulnerable to heat. (rF-)
You are in touch with the powers of death.
You do not drink.
You have a special connection with the divine. (Faith)


Message History

You feel a surge of power!
The zap hits the kobold brigand.
The kobold brigand is moderately wounded.
The zap hits the gnoll.
The gnoll is heavily wounded.
The gnoll hits you from afar with a +0 halberd!
The kobold brigand completely misses you.
Unknown command.
Unknown command.
Casting: Shock (safe; 1% risk of failure)
Confirm with . or Enter, or press ? or * to list all spells.
You feel a surge of power!
The kobold brigand is struck by an arc of lightning.
The kobold brigand is heavily wounded.
You are struck by an arc of lightning.
The lightning grounds out.
The kobold brigand misses you. The gnoll barely misses you.
The gnoll sergeant hits you from afar with a +1 antimagic spear!
You feel your power leaking away.
Unknown command.
Unknown command.
Casting: Static Discharge (safe; 2% risk of failure)
Confirm with . or Enter, or press ? or * to list all spells.
You feel a surge of power!
The kobold brigand is struck by an arc of lightning.
The kobold brigand is severely wounded.
You are struck by an arc of lightning.
The kobold brigand is struck by an arc of lightning.
The kobold brigand is almost dead.
You are struck by an arc of lightning.
The lightning grounds out.
The kobold brigand hits you with a +0 dagger.
The gnoll closely misses you.
The gnoll sergeant hits you from afar with a +1 antimagic spear.
The gnoll hits you from afar with a +0 spear.
* * * LOW HITPOINT WARNING * * *
Unknown command.
The kobold brigand hits you with a +0 dagger.
* * * LOW HITPOINT WARNING * * *
The gnoll completely misses you.
The gnoll sergeant hits you from afar with a +1 antimagic spear!
You die...
Kikubaaqudgha rasps: "You have failed me!
Welcome... oblivion!" # .# #.# ##..# #@.# #K## ggg

.g)..
.......
.....>.##
#.......#
#########


You could see a kobold brigand, a gnoll sergeant and 3 gnolls.

Vanquished Creatures
  Pikel (D:5)
  Prince Ribbit (D:5)
  Eustachio (D:3)
  Menkaure (D:5)
  Edmund (D:5)
  2 water moccasins
  An ogre (D:5)
  A centaur (D:5)
  2 phantoms (D:6)
  7 scorpions
  3 wights
  A jelly (D:6)
  A hound (D:5)
  3 orc priests
  Ijyb (D:3)
  A sleepcap (D:6)
  An iguana (D:5)
  4 orc wizards
  5 gnolls
  9 adders
  A shadow imp (D:5)
  3 ufetubi
  A worm (D:3)
  A dart slug (D:1)
  13 orcs
  4 bats
  7 endoplasms
  3 giant cockroaches
  9 goblins
  5 hobgoblins
  3 jackals (D:1)
  4 quokkas
  4 ball pythons
  3 frilled lizards
  10 kobolds
  10 rats
128 creatures vanquished.

Notes
Turn   | Place    | Note
-------+----------+-------------------------------------------
     0 | D:1      | Lavandula the Mummy Wanderer began the quest for the Orb.
     0 | D:1      | Lavandula set off with the following items: a +0 short
                  | sword, a +0 pair of gloves, a scroll of silence, a +0 robe;
                  | and the following spell memorised: Shock; and the following
                  | spells available to memorise: Static Discharge, Dazzling
                  | Flash.
     0 | D:1      | Reached XP level 1. HP: 15/15 MP: 4/4
   148 | D:1      | Reached XP level 2. HP: 21/21 MP: 0/5
  1017 | D:1      | Learned a level 2 spell: Static Discharge
  1449 | D:2      | Gained mutation: You are in touch with the powers of death.
                  | [Mummy growth]
  1449 | D:2      | Reached XP level 3. HP: 26/26 MP: 1/7
  1657 | D:2      | Reached skill level 1 in Air Magic
  2607 | D:3      | Found a broken altar of Ashenzari.
  2607 | D:3      | Found an iron altar of Okawaru.
  2680 | D:3      | Found a snail-covered altar of Cheibriados.
  2917 | D:3      | Reached XP level 4. HP: 9/32 MP: 0/8
  3045 | D:3      | Noticed Ijyb
  3060 | D:3      | Learned a level 4 spell: Airstrike
  3181 | D:3      | Reached skill level 2 in Air Magic
  3456 | D:3      | Reached XP level 5. HP: 20/37 MP: 4/9
  3462 | D:3      | Reached skill level 3 in Air Magic
  3657 | D:4      | Noticed Eustachio
  3833 | D:3      | Killed Ijyb
  4099 | D:3      | Reached XP level 6. HP: 19/43 MP: 2/10
  4101 | D:3      | Reached skill level 4 in Air Magic
  4703 | D:3      | Killed Eustachio
  4704 | D:3      | Reached skill level 5 in Air Magic
  5040 | D:4      | Reached XP level 7. HP: 31/48 MP: 2/11
  5787 | D:4      | Reached skill level 6 in Air Magic
  6037 | D:5      | Entered Level 5 of the Dungeon
  6040 | D:5      | Noticed Pikel
  6292 | D:5      | Found a staircase to the Ecumenical Temple.
  6292 | D:5      | Noticed Edmund
  6308 | D:5      | Noticed Menkaure
  6321 | D:5      | Killed Menkaure
  6382 | D:5      | Reached skill level 7 in Air Magic
  6384 | D:5      | Learned a level 1 spell: Kiss of Death
  6397 | D:5      | Reached XP level 8. HP: 45/54 MP: 5/12
  6534 | D:5      | Killed Pikel
  6612 | D:5      | Learned a level 4 spell: Summon Lightning Spire
  6665 | D:5      | Noticed Prince Ribbit
  6667 | D:5      | Reached skill level 1 in Summonings
  6676 | D:5      | Killed Prince Ribbit
  6808 | D:5      | Killed Edmund
  6999 | D:5      | Reached XP level 9. HP: 40/48 MP: 10/19
  7003 | D:5      | Learned a level 3 spell: Dazzling Flash
  7827 | D:6      | Found Yplog's Firing Range.
  8163 | D:6      | Reached skill level 5 in Summonings
  8668 | Temple   | Entered the Ecumenical Temple
  8738 | Temple   | Became a worshipper of Kikubaaqudgha
  9451 | D:7      | Slain by a gnoll sergeant

Illustrated notes

Levels and vault maps discovered:
D:1:      dpeg_arrival_arbitrary_c, layout_basic, bh_walls_and_bars
D:2:      layout_basic, minmay_fountain_box
D:3:      layout_rooms, chequers_temple_overflow_statue_of_worship,
          minmay_misc_feat_five, minmay_unequal, uniq_ijyb
D:4:      layout_cave_pods, uniq_eustachio
D:5:      layout_loops_ring, temple_doors_e, uniq_pikel, uniq_menkaure,
          uniq_edmund, uniq_prince_ribbit1
D:6:      layout_layer_cave, nicolae_tso_swordbearing_angel, st_stairs_8,
          eino_small_chamber_without_monster, nicolae_shop_firing_range
D:7:      layout_rooms
Temple:   nicolae_temple_slightly_damp_pantheon

Skill      XL: |  1  2  3  4  5  6  7  8  9 |
---------------+----------------------------+-----
Conjurations   | 2 3 |  3.2
Air Magic      | 1 2 3 5 7 |  7.0
Spellcasting   | 3 6 |  6.9
Summonings     | 4 5 |  5.7
Fighting       | |  1.4
Short Blades   | |  1.0
Stealth        | |  2.4
Evocations     | |  1.0

Action                     |  1- 3 |  4- 6 |  7- 9 || total
---------------------------+-------+-------+-------++-------
  Melee: Short sword       |    19 |       |       ||    19
         Whip              |    13 |    19 |       ||    32
         Great sword       |       |    19 |     5 ||    24
         Staff             |       |       |     9 ||     9
   Cast: Shock             |    93 |    66 |   115 ||   274
         Static Discharge  |       |    19 |     8 ||    27
         Airstrike         |       |     6 |    21 ||    27
         Kiss of Death     |       |       |     4 ||     4
         Summon Lightning  |       |       |     3 ||     3
  Evoke: Wand              |       |     2 |       ||     2
    Use: Scroll            |     3 |     2 |       ||     5
   Stab: Paralysed         |       |     1 |       ||     1
 Armour: Robe              |    12 |    23 |    10 ||    45
  Dodge: Dodged            |    34 |    66 |    40 ||   140

Table legend: (Time is in decaauts)
 A = Elapsed time spent in this place.
 B = Non-inter-level travel time spent in this place.
 C = Inter-level travel time spent in this place.
 D = Time resting spent in this place.
 E = Time spent auto-exploring this place.
 F = Levels seen in this place.
 G = Mean time per level.
                   A        B        C        D        E       F      G
               +--------+--------+--------+--------+--------+-----+--------+
         Total |   9477 |   9102 |    375 |   1727 |   5936 |   8 | 1184.6 |
       Dungeon |   9387 |   9032 |    355 |   1727 |   5881 |   7 | 1341.0 |
        Temple |     89 |     70 |     19 |      0 |     55 |   1 |   89.0 |
               +--------+--------+--------+--------+--------+-----+--------+

Top non-repeatable levels by time:
     D:3: 1844 daAuts
     D:6: 1759 daAuts
     D:5: 1501 daAuts
     D:2: 1484 daAuts
     D:1: 1436 daAuts
     D:4: 1352 daAuts
  Temple: 89 daAuts
     D:7: 9 daAuts
